 Dungeon Crawl Stone Soup version 0.28-a0-1395-g4f6bc678fa (webtiles) character file.

Game seed: 2590910497162657430

322 fragbeetle the Ruffian (level 6, -1/50 HPs)
             Began as a Draconian Transmuter on Jan 5, 2022.
             Slain by an ice beast (14 damage)
             ... on level 4 of the Dungeon.
             The game lasted 00:09:05 (3944 turns).

fragbeetle the Ruffian (Draconian Transmuter)       Turns: 3944, Time: 00:09:05

Health: -1/50      AC:  7    Str: 14    XL:     6   Next: 22%
Magic:  4/10       EV: 12    Int: 13    God:
Gold:   164        SH:  0    Dex: 12    Spells: 6/10 levels left

rFire   . . .      SeeInvis .     - Unarmed
rCold   . . .      Faith    .   (no shield)
rNeg    . . .      Spirit   .   (armour unavailable)
rPois   .          Reflect  .   (helmet restricted)
rElec   .          Harm     .   e - +0 cloak
rCorr   .          Rampage  .   (no gloves)
Will    .....                   (no boots)
Stlth   +.........              (no amulet)
HPRegen 0.16/turn               b - +4 ring of slaying
MPRegen 0.12/turn               (no ring)

@: about to teleport, very slightly contaminated, slowed, very slow
A: AC +6, unfitting armour, cold-blooded
a: no special abilities


You were on level 4 of the Dungeon.
You visited 1 branch of the dungeon, and saw 4 of its levels.

You collected 164 gold pieces.

Inventory:

Hand Weapons
 x - a +0 hunting sling
Missiles
 k - 2 curare-tipped darts
 p - 58 sling bullets
 r - 143 stones
 t - 4 poisoned darts (quivered)
 u - 2 throwing nets
Armour
 e - a +0 cloak (worn)
 q - an orb of light
Jewellery
 b - a +4 ring of slaying (left hand)
 w - a ring of ice
Wands
 s - a wand of iceblast (8)
 z - a wand of flame (14)
Scrolls
 a - a scroll of immolation {unknown}
 c - a scroll of teleportation
 f - a scroll of holy word {unknown}
 l - a scroll of noise {unknown}
 v - a scroll of identify {unknown}
 y - a scroll of fear {unknown}
Potions
 d - a potion of lignification {unknown}
 g - a potion of cancellation {unknown}
 h - a potion of attraction {unknown}
 i - 3 potions of heal wounds {unknown}
 j - 4 potions of curing
 m - a potion of flight {unknown}
 n - a potion of mutation {unknown}
 o - a potion of degeneration {unknown}


   Skills:
 + Level 2.5 Fighting
 + Level 2.7 Dodging
 * Level 4.4 Unarmed Combat
 + Level 2.7 Spellcasting
 * Level 3.8 Transmutations
 + Level 1.2 Poison Magic


You had 6 spell levels left.
You knew the following spells:

 Your Spells              Type           Power      Damage    Failure   Level
a - Beastly Appendage     Tmut           22%        N/A       4%          1
b - Spider Form           Tmut/Pois      8%         N/A       26%         3

Your spell library contained the following spells:

 Spells                   Type           Power      Damage    Failure   Level
 Wereblood                Tmut           11%        N/A       8%          2
 Ice Form                 Ice/Tmut       6%         N/A       71%         4
 Cause Fear               Hex            0%         N/A       93%         4
 Dragon Form              Tmut           5%         N/A       100%        7
 Dragon's Call            Summ           0%         N/A       100%        9


Dungeon Overview and Level Annotations

Branches:
Dungeon (4/15)             Temple (0/1) D:4

Altars:

Shops:
D:1 :   D:4 [*

Annotations:
D:4 2 transporters, Adrian566's ghost, amateur TrFi


Innate Abilities, Weirdness & Mutations

Your plain brown scales are hard. (AC +6)
You cannot fit into any form of body armour.
You are cold-blooded and may be slowed by cold attacks.


Message History

You bite the kobold!
You kill the kobold!
Your transformation has ended.
Your +0 cloak unmelds from your body.
Items here: ( )) †.
Okay, then.
You see here a quokka corpse.
Things that are here:
a jackal corpse; a jackal corpse; a jackal corpse
There is an entrance to Pypnawk's Antique Armour Shop here.
Magic restored.
You see here 18 arrows.
You open the door.
An ice beast comes into view.
Found a staircase to the Ecumenical Temple.
There is an open door here.
Casting: Spider Form (dangerous; 26% risk of failure)
Confirm with . or Enter, or press ? or * to list all spells.
You miscast Spider Form.
You are very lightly contaminated with residual magic.
You feel incredibly sick!
You are poisoned.
You feel sick. The ice beast hits you. The ice beast freezes you!
You feel yourself slow down.
Casting: Spider Form (dangerous; 26% risk of failure)
Confirm with . or Enter, or press ? or * to list all spells.
You miscast Spider Form.
Nothing appears to happen.
You feel sick. The ice beast hits you. The ice beast freezes you!
Unknown command.
You feel yourself speed up.
You feel sick. The ice beast hits you. The ice beast freezes you!
* * * LOW HITPOINT WARNING * * *
It was a potion of curing.
You feel better. The ice beast completely misses you.
As you read the scroll labelled ALAGRAKUSI, it crumbles to dust.
You feel strangely unstable.
It was a scroll of teleportation.
The ice beast hits you.
* * * LOW HITPOINT WARNING * * *
The ice beast freezes you!
You feel yourself slow down.
You die...

.....#####....##
##...####....
..............#
##..>.......
.....#####...##
##......### ...###
##### #.....## ..##
#### ###..## ..#
##..#### #### ..#
##......# ..##
##.(....## ...###
###...#@###
.....#####.∩..##Y#
....)†.†.....##P.P#
....#####....#P...P#
...## ####.#P.>.P#
..## ###P...P# ..#
##PPP## ..# ##### ..


You could see an ice beast.

Vanquished Creatures
  2 scorpions (D:4)
  An iguana (D:4)
  Robin (D:4)
  4 gnolls (D:3)
  3 adders
  2 adder skeletons (D:4)
  2 dart slugs
  6 orcs
  5 ball pythons
  9 endoplasms
  2 giant cockroaches
  13 goblins
  4 hobgoblins
  4 jackals (D:4)
  5 quokkas
  11 bats
  4 frilled lizards
  4 kobolds
  8 rats
90 creatures vanquished.

Notes
Turn   | Place    | Note
-------+----------+-------------------------------------------
     0 | D:1      | fragbeetle the Draconian Transmuter began the quest for the
                  | Orb.
     0 | D:1      | Reached XP level 1. HP: 16/16 MP: 3/3
   265 | D:1      | Reached XP level 2. HP: 23/23 MP: 3/5
   461 | D:1      | Found Lypsa's Book Boutique.
  1365 | D:2      | Reached XP level 3. HP: 13/28 MP: 4/6
  2324 | D:3      | Learned a level 3 spell: Spider Form
  2344 | D:3      | Reached XP level 4. HP: 36/36 MP: 5/7
  3188 | D:4      | Noticed a scorpion
  3201 | D:4      | Noticed a scorpion
  3207 | D:4      | Killed a scorpion
  3208 | D:4      | Reached skill level 4 in Unarmed Combat
  3208 | D:4      | Reached XP level 5. HP: 41/41 MP: 6/8
  3242 | D:4      | Reached skill level 1 in Poison Magic
  3294 | D:4      | Noticed Robin
  3480 | D:4      | Killed Robin
  3481 | D:4      | Reached XP level 6. HP: 33/50 MP: 8/10
  3718 | D:4      | Found Lacolaj's Elemental Accessories.
  3789 | D:4      | Found a transporter.
  3789 | D:4      | Noticed Adrian566's ghost (amateur TrFi)
  3790 | D:4      | Found a transporter.
  3890 | D:4      | Found Pypnawk's Antique Armour Shop.
  3938 | D:4      | Found a staircase to the Ecumenical Temple.
  3938 | D:4      | Noticed an ice beast
  3944 | D:4      | Slain by an ice beast

Illustrated notes

Levels and vault maps discovered:
D:1:      elethiomel_arrival_infinity_welcomes_careful_drivers, layout_basic,
          serial_shops, nicolae_shop_advertising_works
          [nicolae_subvault_shop_adworks]
D:2:      wad_river_or_something, layout_basic
D:3:      layout_loops_ring
D:4:      layout_layer_cave, minmay_temple_entry_enclosed_plants,
          gammafunk_ghost_smash, serial_shops, shop, nicolae_elemental_shop,
          uniq_robin

Skill      XL: |  1  2  3  4  5 |
---------------+----------------+-----
Dodging        | 2 |  2.7
Transmutations | 3 |  3.8
Fighting       | 2 |  2.5
Unarmed Combat | 4 |  4.4
Poison Magic   | 1 |  1.2
Spellcasting   | |  2.7

Action                   |  1- 3 |  4- 6 || total
-------------------------+-------+-------++-------
Melee: Unarmed           |    72 |    77 ||   149
       Kick              |    12 |    19 ||    31
       Headbutt          |     8 |     8 ||    16
       Tailslap          |     3 |     8 ||    11
       Punch             |     1 |       ||     1
Throw: Dart              |       |     6 ||     6
       Stone             |       |     1 ||     1
 Cast: Beastly Appendage |    32 |    20 ||    52
       Spider Form       |       |     2 ||     2
  Use: Scroll            |       |     1 ||     1
       Potion            |       |     1 ||     1
 Stab: Sleeping          |     1 |       ||     1
Armor: Skin              |    12 |    27 ||    39
Dodge: Dodged            |    41 |    60 ||   101

Table legend: (Time is in decaauts)
 A = Elapsed time spent in this place.
 B = Non-inter-level travel time spent in this place.
 C = Inter-level travel time spent in this place.
 D = Time resting spent in this place.
 E = Time spent auto-exploring this place.
 F = Levels seen in this place.
 G = Mean time per level.
                   A        B        C        D        E       F      G
               +--------+--------+--------+--------+--------+-----+--------+
         Total |   3939 |   3813 |    126 |    433 |   2572 |   4 |  984.8 |
       Dungeon |   3939 |   3813 |    126 |    433 |   2572 |   4 |  984.8 |
               +--------+--------+--------+--------+--------+-----+--------+

Top non-repeatable levels by time:
     D:3: 1199 daAuts
     D:2: 1078 daAuts
     D:1: 1043 daAuts
     D:4: 616 daAuts
